 Dungeon Crawl Stone Soup version 0.28.0-43-g3370ac3207 (webtiles) character file.

Game seed: 15919949054955172356

31689 crimpus the Impaler (level 13, -6/111 HPs)
             Began as a Merfolk Berserker on Mar 27, 2022.
             Was an Elder of Trog.
             Hit by a large rock thrown by a cyclops (28 damage)
             ... on level 14 of the Dungeon.
             The game lasted 00:26:46 (20974 turns).

crimpus the Impaler (Merfolk Berserker)            Turns: 20974, Time: 00:26:47

Health: -6/111     AC:  9    Str: 23    XL:     13   Next: 59%
Magic:  13/13      EV: 19    Int:  7    God:    Trog [****..]
Gold:   658        SH:  5    Dex: 16    Spells: 12/12 levels left

rFire   . . .      SeeInvis .   g - +6 glaive
rCold   + . .      Faith    .   (shield currently unavailable)
rNeg    . . .      Spirit   .   q - +2 robe {rC+}
rPois   .          Reflect  +   (no helmet)
rElec   .          Harm     .   (no cloak)
rCorr   .          Rampage  .   j - +1 pair of gloves
Will    ++...                   e - +2 pair of boots
Stlth   ++++......              p - amulet of reflection
HPRegen 2.08/turn               B - +6 ring of strength
MPRegen 0.13/turn               (no ring)

@: strong-willed, regenerating
A: (nimble swimmer 2), mertail, regeneration 1, weak 1
a: Renounce Religion, Berserk, Trog's Hand, Brothers in Arms


You were on level 14 of the Dungeon.
You worshipped Trog.
Trog was greatly pleased with you.
You visited 1 branch of the dungeon, and saw 15 of its levels.

You collected 718 gold pieces.
You spent 60 gold pieces at shops.

Inventory:

Hand Weapons
 g - a +6 glaive (weapon)
 v - a +8 spear
Missiles
 u - 4 throwing nets (quivered)
Armour
 b - a +1 animal skin
 e - a +2 pair of boots (worn)
 f - the +1 leather armour of Inviolability {rC+ MP+9 Str-2 Dex+3}
   (You found it on level 2 of the Dungeon)

   Str:       It affects your strength (-2).
   Dex:       It affects your dexterity (+3).
   rC:        It protects you from cold.
   MP:        It affects your magic capacity (+9).
 j - a +1 pair of gloves (worn)
 q - a +2 robe of cold resistance (worn)
Jewellery
 a - an amulet of faith
 p - an amulet of reflection (around neck)
 s - a +6 ring of intelligence
 x - a ring of poison resistance
 B - a +6 ring of strength (left hand)
Wands
 c - a wand of digging (1)
 l - a wand of iceblast (37)
 n - a wand of flame (22)
Scrolls
 o - 3 scrolls of teleportation
 r - a scroll of magic mapping
 y - 4 scrolls of immolation
 A - a scroll of identify
Potions
 d - a potion of cancellation
 h - a potion of heal wounds
 i - 2 potions of attraction
 k - 3 potions of curing
 t - a potion of invisibility
 w - 2 potions of berserk rage
 z - 3 potions of brilliance
 C - 3 potions of degeneration
 D - 2 potions of magic
 E - a potion of resistance


   Skills:
 * Level 13.1 Fighting
 * Level 20.1 Polearms
 - Level 1.3 Armour
 * Level 12.7 Dodging
 * Level 9.2 Stealth
 - Level 5.9 Shields


You had 12 spell levels left.
You didn't know any spells.
Your spell library was empty.

Dungeon Overview and Level Annotations

Branches:
Dungeon (15/15)            Temple (0/1) D:4            Lair (0/6) D:8
    Orc (0/2) D:12
 Vaults: D:13-14     Depths: D:15

Altars:
Cheibriados
Fedhas
Kikubaaqudgha
Makhleb
Nemelex Xobeh
Okawaru
Qazlal
Ru
Sif Muna
Xom
Yredelemnul
Zin
Beogh

Shops:
D:11 *

Annotations:
D:4 3 runed translucent doors, Gregoryblaze's ghost, amateur GrIE
D:14 1 transporter
D:15 Kirke


Innate Abilities, Weirdness & Mutations

((You are very nimble when in or above water. (Stealth+, EV+, Speed+++)))
Your lower body shifts to a powerful aquatic tail in water.
Your natural rate of healing is unusually fast.
You are weak. (Str -2)


Message History

* * * LOW HITPOINT WARNING * * *
An orc knight comes into view. It is wielding a +1 great sword.
Found a faintly humming hat.
Found an escape hatch in the floor.
The cyclops throws a large rock.
The large rock misses you.
The large rock hits the hog!!!
The hog dies!
A stone giant and a two-headed ogre come into view.
The two-headed ogre shouts in stereo!
The orc knight shouts!
The cyclops throws a large rock.
The large rock misses you.
The large rock hits the ettin!
There is a transporter here.
You enter the transporter and appear at another place.
A centaur comes into view.
You block the ettin's attack.
The ettin hits you with a +0 great mace!
* * * LOW HITPOINT WARNING * * *
Blink to where?
Press: ? - help, Dir - move target
As you read the scroll of blinking, it crumbles to dust.
Found a ring mail.
A cyclops comes into view.
As you read the scroll of teleportation, it crumbles to dust.
You feel strangely unstable.
Your skin crawls.
You feel strong-willed.
A tengu conjurer comes into view.
The cyclops shouts!
A seven-headed hydra comes into view.
Your surroundings suddenly seem different.
A two-headed ogre comes into view. It is wielding two +0 giant clubs.
Found a morningstar.
Found a blossoming altar of Fedhas.
Found a stone staircase leading up.
Found a robe.
Found an escape hatch in the ceiling.
You block the two-headed ogre's attack.
The two-headed ogre hits you with a +0 giant club!!
* * * LOW HITPOINT WARNING * * *
You feel much better. The two-headed ogre misses you.
The two-headed ogre completely misses you.
The cyclops throws a large rock.
The large rock hits you!!
You die...

............[....
....................[.
.#............#......
.................... .
.#....D.....C......##
.. ............# ...
............#..#
#..............#
....<..@O......#
..........)..###
...............#
#...............#
#<......PP......#
#.....P.PPP......
....#.P._PP......
#...##PPPPP.....#
#..P.......#


You could see a two-headed ogre and a cyclops.

Vanquished Creatures
  Rupert (D:12)
  Fannar (D:11)
  Josephine (D:11)
  Harold (D:10)
  2 hydras
  A boulder beetle (D:13)
  A catoblepas (D:13)
  2 centaur warriors (D:13)
  7 two-headed ogres
  A death knight (D:12)
  Urug (D:10)
  The ghost of 0gre the Frost Mage, a novice GnIE of Sif Muna (D:9)
  Nergalle (D:10)
  4 slime creatures
  The ghost of GetTheOrb the Cleaver, a novice HOFi of Beogh (D:6)
  2 deep elf pyromancers
  3 manticores
  A cyclops (D:13)
  An ugly thing (D:13)
  Maurice (D:10)
  A gargoyle (D:12)
  2 unseen horrors
  A kobold demonologist (D:9)
  2 trolls (D:11)
  Prince Ribbit (D:7)
  2 hornets (D:9)
  9 wraiths
  A hog (D:15)
  A wyvern (D:9)
  11 yaks
  2 wargs
  11 vampire mosquitoes
  3 water moccasins (D:7)
  An acid dragon (D:13)
  A hornet zombie (D:7)
  A sky beast (shapeshifter) (D:14)
  An ice beast (D:7)
  A sky beast (D:5)
  A black bear (D:7)
  3 necrophages
  5 orc warriors
  An ogre (D:5)
  6 centaurs
  2 kobold brigands
  7 bullfrogs
  2 scorpions
  3 wyvern zombies
  A gnoll sergeant (D:6)
  A water moccasin zombie (D:7)
  A water moccasin skeleton (D:7)
  11 killer bees
  6 wights (D:7)
  4 howler monkeys
  9 centaur zombies
  2 jellies
  A human zombie (D:7)
  6 orc priests
  4 hounds
  3 iron imps (D:7)
  3 centaur skeletons
  2 iguanas
  10 orc wizards
  2 killer bee zombies
  A hound skeleton (D:4)
  4 mummies (D:7)
  2 adders
  4 gnolls
  A white imp (D:5)
  2 adder skeletons (D:4)
  3 worms
  A dart slug (D:5)
  41 orcs
  7 ball pythons
  6 endoplasms
  2 giant cockroaches
  8 hobgoblins
  5 jackals (D:1)
  4 quokkas
  4 bats
  5 frilled lizards
  7 goblins
  10 kobolds
  6 rats
305 creatures vanquished.

Vanquished Creatures (collateral kills)
  An orc wizard (D:12)
1 creature vanquished.

Vanquished Creatures (others)
  A hog (D:14)
  An orc (D:7)
2 creatures vanquished.

Grand Total: 308 creatures vanquished

Notes
Turn   | Place    | Note
-------+----------+-------------------------------------------
     0 | D:1      | crimpus the Merfolk Berserker began the quest for the Orb.
     0 | D:1      | Reached XP level 1. HP: 18/18 MP: 1/1
   132 | D:1      | Reached skill level 5 in Polearms
   228 | D:1      | Reached XP level 2. HP: 22/24 MP: 2/2
   895 | D:1      | Reached XP level 3. HP: 23/29 MP: 3/3
  2192 | D:2      | Identified the +1 leather armour of Inviolability {rC+ MP+9
                  | Str-2 Dex+3}
  2498 | D:2      | Reached XP level 4. HP: 37/37 MP: 4/4
  2517 | D:2      | Reached ** piety under Trog
  2543 | D:2      | Reached skill level 1 in Stealth
  3267 | D:3      | Reached skill level 6 in Polearms
  4081 | D:4      | Noticed Gregoryblaze's ghost (amateur GrIE)
  4081 | D:4      | Noticed a kobold brigand
  4081 | D:4      | Found a runed translucent gate.
  4081 | D:4      | Found a runed translucent gate.
  4081 | D:4      | Found a runed translucent gate.
  4082 | D:4      | Found a staircase to the Ecumenical Temple.
  4237 | D:4      | Reached XP level 5. HP: 40/42 MP: 5/5
  4461 | D:4      | Reached skill level 7 in Polearms
  4603 | D:5      | Entered Level 5 of the Dungeon
  4628 | D:5      | Noticed an ogre
  4642 | D:5      | Reached XP level 6. HP: 46/48 MP: 6/6
  4667 | D:5      | Noticed a sky beast
  4694 | D:5      | Gained mutation: You tend to lose your temper in combat.
                  | [potion of mutation]
  4694 | D:5      | Gained mutation: Your system is resistant to poisons.
                  | (rPois) [potion of mutation]
  4717 | D:5      | Killed a sky beast
  4718 | D:5      | Reached skill level 8 in Polearms
  4722 | D:5      | Reached XP level 7. HP: 39/55 MP: 7/7
  5080 | D:5      | Found a shimmering altar of Xom.
  5080 | D:5      | Found a shimmering altar of Xom.
  5448 | D:5      | Reached skill level 9 in Polearms
  5907 | D:6      | Reached skill level 5 in Fighting
  6414 | D:6      | Reached skill level 5 in Dodging
  7202 | D:6      | Found an iron altar of Okawaru.
  7222 | D:6      | Reached skill level 1 in Shields
  7363 | D:7      | Reached XP level 8. HP: 39/62 MP: 8/8
  7789 | D:7      | Reached skill level 10 in Polearms
  7964 | D:7      | Found a sacrificial altar of Ru.
  8638 | D:7      | Reached skill level 11 in Polearms
  8895 | D:7      | Noticed GetTheOrb's ghost (novice HOFi)
  8898 | D:7      | Found a runed translucent gate.
  8911 | D:7      | Found a runed translucent gate.
  8912 | D:7      | Found a runed translucent gate.
  9008 | D:7      | Reached XP level 9. HP: 69/69 MP: 9/9
  9171 | D:7      | Found a burning altar of Makhleb.
  9284 | D:7      | Reached skill level 12 in Polearms
  9463 | D:7      | Reached skill level 5 in Stealth
  9565 | D:7      | Found a basalt altar of Yredelemnul.
  9731 | D:7      | Noticed Prince Ribbit
  9737 | D:7      | Killed Prince Ribbit
  9737 | D:7      | Reached *** piety under Trog
  9740 | D:7      | Found a snail-covered altar of Cheibriados.
  9956 | D:7      | Reached skill level 13 in Polearms
 10052 | D:7      | Reached XP level 10. HP: 78/79 MP: 10/10
 10439 | D:6      | Killed GetTheOrb's ghost
 10759 | D:8      | Noticed an angel
 10760 | D:8      | Found a glowing silver altar of Zin.
 10771 | D:8      | Found a staircase to the Lair.
 11800 | D:8      | Reached skill level 14 in Polearms
 11899 | D:9      | Found a sparkling altar of Nemelex Xobeh.
 12082 | D:9      | Noticed a kobold demonologist
 12094 | D:9      | Reached **** piety under Trog
 12107 | D:9      | Killed a kobold demonologist
 12253 | D:9      | Noticed a two-headed ogre
 12263 | D:9      | Killed a two-headed ogre
 12264 | D:9      | Reached XP level 11. HP: 72/87 MP: 11/11
 12834 | D:9      | Paralysed by a hornet for 2 turns
 13224 | D:9      | Noticed 0gre's ghost (novice GnIE)
 13225 | D:9      | Found a runed translucent door.
 13635 | D:9      | Killed 0gre's ghost
 13693 | D:10     | Entered Level 10 of the Dungeon
 13882 | D:10     | Noticed Urug
 13900 | D:10     | Noticed a two-headed ogre
 13911 | D:10     | Killed a two-headed ogre
 13912 | D:10     | Reached skill level 15 in Polearms
 14447 | D:10     | Lost mutation: Your system is resistant to poisons. (rPois)
                  | [potion of mutation]
 14447 | D:10     | Lost mutation: You tend to lose your temper in combat.
                  | [potion of mutation]
 14447 | D:10     | Gained mutation: Your spells are a little easier to cast,
                  | but a little less powerful. [potion of mutation]
 14447 | D:10     | Gained mutation: Your natural rate of healing is unusually
                  | fast. [potion of mutation]
 14447 | D:10     | Gained mutation: You are weak. (Str -2) [potion of
                  | mutation]
 14447 | D:10     | Lost mutation: Your spells are a little easier to cast, but
                  | a little less powerful. [potion of mutation]
 14464 | D:10     | Killed Urug
 14465 | D:10     | Reached skill level 5 in Shields
 14612 | D:10     | Noticed Nergalle
 14622 | D:10     | Killed Nergalle
 14623 | D:10     | Reached skill level 10 in Fighting
 14623 | D:10     | Reached skill level 10 in Dodging
 14681 | D:10     | Noticed Maurice
 14692 | D:10     | Killed Maurice
 14772 | D:10     | Found a stormy altar of Qazlal.
 14868 | D:10     | Found an ancient bone altar of Kikubaaqudgha.
 14932 | D:10     | Noticed Harold
 14941 | D:10     | Killed Harold
 15141 | D:11     | Reached skill level 16 in Polearms
 15162 | D:11     | Noticed Josephine
 15174 | D:11     | Noticed a two-headed ogre
 15193 | D:11     | Killed Josephine
 15194 | D:11     | Reached XP level 12. HP: 99/99 MP: 12/12
 15203 | D:11     | Killed a two-headed ogre
 15253 | D:11     | Noticed Fannar
 15265 | D:11     | Killed Fannar
 15266 | D:11     | Reached skill level 17 in Polearms
 15790 | D:11     | Found Zakokhlirgha's Assorted Antiques.
 15790 | D:11     | Noticed a two-headed ogre
 15803 | D:11     | Killed a two-headed ogre
 15843 | D:11     | Bought a scroll labelled XICREL MUYL for 30 gold pieces
 15843 | D:11     | Bought a scroll labelled AVITHR FOUMNI for 30 gold pieces
 15962 | D:12     | Found a staircase to the Orcish Mines.
 15962 | D:12     | Noticed Rupert
 15962 | D:12     | Noticed a death knight
 15962 | D:12     | Noticed a two-headed ogre
 16261 | D:12     | Killed a death knight
 16574 | D:12     | Killed a two-headed ogre
 16575 | D:12     | Reached skill level 18 in Polearms
 16764 | D:12     | Killed Rupert
 16794 | D:12     | Noticed a six-headed hydra
 17391 | D:12     | Noticed a two-headed ogre
 17421 | D:12     | Killed a two-headed ogre
 17700 | D:12     | Noticed a two-headed ogre
 17708 | D:12     | Killed a two-headed ogre
 17761 | D:12     | Reached skill level 19 in Polearms
 17784 | D:12     | Reached XP level 13. HP: 95/108 MP: 13/13
 19269 | D:13     | HP: 3/163 [enormous slime creature (51)]
 19678 | D:13     | Found a shimmering blue altar of Sif Muna.
 20407 | D:13     | Reached skill level 20 in Polearms
 20941 | D:14     | You fall into a shaft and drop 1 floor!
 20941 | D:15     | Entered Level 15 of the Dungeon
 20948 | D:15     | Noticed Kirke
 20955 | D:14     | Noticed an ettin
 20955 | D:14     | Found a transporter.
 20955 | D:14     | Found a transporter.
 20960 | D:14     | Noticed a stone giant
 20971 | D:14     | Found a blossoming altar of Fedhas.
 20972 | D:14     | HP: 1/111 [two-headed ogre/+0 giant club (26)]
 20974 | D:14     | Hit by a large rock thrown by a cyclops

Illustrated notes

Levels and vault maps discovered:
D:1:      lemuel_arrival_lava_pool, layout_loops_cross, st_stairs_3,
          nrook_mini_vaults, amcnicky_mini_pool_small, grunt_decor_arrowhead
D:2:      layout_basic
D:3:      layout_loops_cross, dk_noncrumbling_3
D:4:      layout_rooms, minmay_temple_entry_trees,
          gammafunk_ghost_nasty_kobolds, item_on_display_b
D:5:      layout_loops_ring, xom_redecorated, nicolae_sextant
D:6:      layout_gridville, okawaru_altar_gauntlet_db
D:7:      minmay_clustersquares, layout_rooms,
          lemuel_mausoleum_altar_yredelemnul, slow_altar_2,
          mainiacjoe_overflow_alcove_4, demons_altar, gammafunk_ghost_split,
          kennysheep_generic_room_15, uniq_prince_ribbit1
D:8:      kennysheep_six_static_rooms, layout_basic, zin_angel, lair_entry_dummy
D:9:      layout_layer_cave, nemelex_spade_bored_becter,
          hellmonk_ghost_happy_afterlife
D:10:     layout_basic, grunt_qazlal_clouds,
          mainiacjoe_overflow_concentric_impassable, uniq_nergalle, uniq_urug,
          uniq_harold, uniq_maurice
D:11:     layout_rooms, kennysheep_windowed_goal, uniq_josephine, uniq_fannar
D:12:     layout_basic, david_orc_3, uniq_rupert
D:13:     layout_loops_ring, nicolae_sif_muna_little_library
D:14:     gammafunk_beogh_shrine, layout_cave_pools, david_vaults_2,
          serial_shops, kennysheep_mini, shop, shop, shop, shop, fedhas_altar_3
D:15:     grunt_enter_depths_snipers, layout_cave_pools, serial_park,
          serial_park_tiny_2, serial_park_square2, serial_park_square3
          [serial_park_minivault_5x5_4], serial_park_square1
          [serial_park_minivault_5x5_7], serial_shops, nicolae_shop_statue_plus,
          shop, uniq_kirke, uniq_agnes

Skill      XL: |  1  2  3  4  5  6  7  8  9 10 11 12 13 |
---------------+----------------------------------------+-----
Polearms       | 5 6 7 8 9 11 13 14 16 19 20 | 20.1
Dodging        | 3 4 5 6 7 8 10 11 12 | 12.7
Stealth        | 1 2 3 4 7 9 |  9.2
Fighting       | 4 5 6 7 8 10 12 13 | 13.1
Shields        | 1 2 3 4 5 |  5.9
Armour         | |  1.3

Action                   |  1- 3 |  4- 6 |  7- 9 | 10-12 | 13-15 || total
-------------------------+-------+-------+-------+-------+-------++-------
Melee: Spear             |   119 |   157 |   460 |   421 |   138 ||  1295
       Punch             |     1 |     1 |     5 |     5 |     3 ||    15
       Glaive            |       |       |       |   170 |    82 ||   252
Invok: Berserk           |     2 |     1 |     8 |    13 |     6 ||    30
       Trog's Hand       |       |     2 |     1 |     1 |     2 ||     6
       Brothers in Arms  |       |       |       |     1 |       ||     1
  Use: Scroll            |     1 |     5 |     5 |    12 |     3 ||    26
       Potion            |       |     4 |     1 |     4 |     2 ||    11
 Stab: Sleeping          |     3 |     3 |    17 |    11 |     4 ||    38
       Distracted        |     1 |       |       |     2 |     1 ||     4
       Invisible         |       |     2 |       |       |       ||     2
Armor: Animal skin       |     8 |       |       |       |       ||     8
       Leather armour    |     2 |    28 |    36 |    19 |       ||    85
       Robe              |       |       |    12 |    43 |    48 ||   103
Dodge: Dodged            |    56 |    63 |   148 |   250 |   116 ||   633
Block: Other             |       |     8 |    54 |    70 |    34 ||   166
       Reflection        |       |       |     2 |     1 |     2 ||     5
